 Dungeon Crawl Stone Soup version 0.28-a0-1002-gf00fe891ef (webtiles) character file.

Game seed: 4192865669726124828

1907066 mitch45678 the Invulnerable (level 26, 246/246 HPs)
             Began as a Minotaur Fire Elementalist on Dec 4, 2021.
             Was the Champion of Okawaru.
             Escaped with the Orb
             ... and 3 runes on Dec 6, 2021!
             The game lasted 05:19:03 (53044 turns).

mitch45678 the Invulnerable (MiFE)                 Turns: 53044, Time: 05:19:04

Health: 246/246    AC: 48    Str: 30    XL:     26   Next: 9%
Magic:  39/39      EV: 21    Int: 16    God:    Okawaru [******]
Gold:   5833       SH: 28    Dex: 13    Spells: 26/27 levels left

rFire   + + .      SeeInvis .   a - +8 mithril axe "Arga" {speed, Will+}
rCold   + . .      Faith    .   k - +5 tower shield of Gavapej {rPois Str+3 Int+4}
rNeg    + + .      Spirit   .   X - +9 gold dragon scales
rPois   +          Reflect  .   K - +3 hat of Sughytra {Slay+3}
rElec   +          Harm     .   G - +2 cloak
rCorr   .          Rampage  .   U - +1 pair of gloves {Str+3}
Will    +++..                   P - +0 pair of boots of the Moneychanger {rN+ Will+ MP+9}
Stlth   ..........              R - amulet of Lugonu's Favour {rF+ Regen+}
HPRegen 1.31/turn               V - +4 ring of evasion
MPRegen 0.26/turn               N - ring "Wagiffi" {rN+ Dex+3}

@: studying 3 skills
A: horns 2, retaliatory headbutt, clumsy 1, deterioration 1, electricity
resistance
0: Orb of Zot
}: 3/15 runes: barnacled, silver, gossamer
a: Renounce Religion, Heroism, Finesse, Duel


You escaped.
You worshipped Okawaru.
Okawaru was exalted by your worship.
You visited 11 branches of the dungeon, and saw 52 of its levels.
You also visited: Ice Cave, Volcano and Wizlab.

You collected 7639 gold pieces.
You spent 1806 gold pieces at shops.


Innate Abilities, Weirdness & Mutations

You have a pair of horns on your head.
You reflexively headbutt those who attack you in melee.
You are clumsy. (Dex -2)
Your body sometimes deteriorates upon taking damage.
You are resistant to electric shocks. (rElec)


   Skills:
 - Level 22.0 Fighting
 - Level 6.0 Short Blades
 - Level 22.0(22.5) Axes
 - Level 7.8(16.3) Maces & Flails
 - Level 3.0 Throwing
 O Level 27 Armour
 + Level 26.0 Dodging
 - Level 1.5 Stealth
 - Level 25.0 Shields
 - Level 1.3 Spellcasting
 - Level 1.0 Conjurations
 - Level 2.1 Fire Magic
 - Level 11.0 Invocations
 - Level 3.0 Evocations


You had 26 spell levels left.
You knew the following spells:

 Your Spells              Type           Power      Damage    Failure   Level
a - Foxfire               Conj/Fire      24%        2x1d5     52%         1

Your spell library contained the following spells:

 Spells                   Type           Power      Damage    Failure   Level
 Scorch                   Fire           16%        2d6       56%         2
 Magic Dart               Conj           16%        1d3       58%         1
 Beastly Appendage        Tmut           2%         N/A       75%         1
 Pain                     Necr           4%         1d4       75%         1
 Sandblast                Erth           2%         2d4       75%         1
 Slow                     Hex            4%         N/A       75%         1
 Sting                    Tmut/Pois      4%         1d3       75%         1
 Static Discharge         Conj/Air       2%         N/A       80%         2
 Corpse Rot               Necr/Air       2%         N/A       86%         2
 Ensorcelled Hibernation  Hex/Ice        2%         N/A       86%         2
 Passwall                 Tmut/Erth      0%         N/A       86%         2
 Poisonous Vapours        Pois/Air       2%         N/A       86%         2
 Sublimation of Blood     Necr           1%         N/A       86%         2
 Wereblood                Tmut           1%         N/A       86%         2
 Conjure Flame            Conj/Fire      6%         6-21      87%         3
 Inner Flame              Hex/Fire       4%         N/A       91%         3
 Stone Arrow              Conj/Erth      4%         3d7       95%         3
 Mephitic Cloud           Conj/Pois/Air  2%         N/A       96%         3
 Confusing Touch          Hex            1%         N/A       98%         3
 Ozocubu's Armour         Ice            1%         N/A       98%         3
 Portal Projectile        Hex/Tloc       2%         N/A       98%         3
 Spider Form              Tmut/Pois      1%         N/A       98%         3
 Swiftness                Air            1%         N/A       98%         3
 Vampiric Draining        Necr           1%         2d6       98%         3
 Flame Wave               Conj/Fire      6%         2d4       99%         4
 Sticky Flame             Conj/Fire      6%         2d3       99%         4
 Cause Fear               Hex            0%         N/A       100%        4
 Dispel Undead            Necr           1%         3d6       100%        4
 Hailstorm                Conj/Ice       2%         3d3       100%        4
 Leda's Liquefaction      Hex/Erth       0%         N/A       100%        4
 Olgreb's Toxic Radiance  Pois           1%         N/A       100%        4
 Petrify                  Tmut/Erth      1%         N/A       100%        4
 Agony                    Necr           1%         N/A       100%        5
 Blade Hands              Tmut           0%         N/A       100%        5
 Excruciating Wounds      Necr           0%         N/A       100%        5
 Freezing Cloud           Conj/Ice/Air   1%         6-21      100%        5
 Irradiate                Conj/Tmut      1%         3d13      100%        5
 Lee's Rapid Deconstruct  Erth           0%         3d5*      100%        5
 Lightning Bolt           Conj/Air       1%         1d12      100%        5
 Yara's Violent Unravell  Hex/Tmut       0%         3d3       100%        5
 Conjure Ball Lightning   Conj/Air       1%         3x3d6     100%        6
 Starburst                Conj/Fire      3%         6d3       100%        6
 Statue Form              Tmut/Erth      0%         N/A       100%        6
 Dragon Form              Tmut           0%         N/A       100%        7
 Orb of Destruction       Conj           2%         9d1       100%        7
 Ozocubu's Refrigeration  Ice            0%         4d5       100%        7
 Storm Form               Tmut/Air       0%         N/A       100%        7
 Discord                  Hex            0%         N/A       100%        8
 Disjunction              Tloc           0%         N/A       100%        8
 Maxwell's Capacitive Co  Air            0%         ∞         100%        8
 Polar Vortex             Ice            0%         N/A       100%        9
 Call Imp                 Summ           Unusable   N/A       N/A         2
 Summon Guardian Golem    Hex/Summ       Unusable   N/A       N/A         3
 Summon Lightning Spire   Summ/Air       Unusable   N/A       N/A         4
 Death Channel            Necr           Unusable   N/A       N/A         6
 Simulacrum               Ice/Necr       Unusable   N/A       N/A         6
 Spellforged Servitor     Conj/Summ      Unusable   N/A       N/A         7
 Dragon's Call            Summ           Unusable   N/A       N/A         9

Inventory:

Hand Weapons
 a - the +8 mithril axe "Arga" (weapon) {speed, Will+}
   (Okawaru gifted it to you on level 4 of the Vaults)

   Attacks with this weapon are significantly faster.
   Will:      It increases your willpower.
 b - the +3 war axe of Incongruity {vorpal, Fly rElec rC+ rCorr}
   (You found it on level 14 of the Dungeon)

   It inflicts extra damage upon your enemies.
   rC:        It protects you from cold.
   rElec:     It insulates you from electricity.
   Fly:       It grants you flight.
   rCorr:     It protects you from acid and corrosion.
 c - a +9 vorpal broad axe
   (You took it off a death knight on level 3 of the Crypt)
 H - a +6 eveningstar of freezing
   (You found it in an ice cave)
Missiles
 y - 9 throwing nets
 A - 39 javelins (quivered)
 B - 13 silver javelins
Armour
 e - the +3 pair of seven-league boots {Rampage+∞}
   (You found it in an ice cave)

   Its wearer moves as far as possible in that direction when moving towards
   enemies.
 k - the +5 tower shield of Gavapej (worn) {rPois Str+3 Int+4}
   (Okawaru gifted it to you on level 2 of the Vaults)

   Str:       It affects your strength (+3).
   Int:       It affects your intelligence (+4).
   rPois:     It protects you from poison.
 v - the +10 tower shield of Ignorance {rN+ Int-4}
   (You found it on level 5 of the Lair of Beasts)

   Int:       It affects your intelligence (-4).
   rN:        It protects you from negative energy.
 D - the -2 pair of gloves of the Fife {Contam rElec rPois Str+5}
   (You found it on level 3 of the Shoals)

   Str:       It affects your strength (+5).
   rElec:     It insulates you from electricity.
   rPois:     It protects you from poison.
   Contam:    It causes magical contamination when unequipped.
 G - a +2 cloak (worn)
   (You took it off Maurice on level 2 of the Orcish Mines)
 J - a scarf of resistance
   (Okawaru gifted it to you on level 4 of the Spider Nest)
 K - the +3 hat of Sughytra (worn) {Slay+3}
   (Okawaru gifted it to you on level 1 of the Shoals)

   Slay:      It affects your accuracy & damage with ranged weapons and melee
   (+3).
 P - the +0 pair of boots of the Moneychanger (worn) {rN+ Will+ MP+9}
   (Okawaru gifted it to you on level 3 of the Shoals)

   rN:        It protects you from negative energy.
   MP:        It affects your magic capacity (+9).
   Will:      It increases your willpower.
 U - a +1 pair of gloves of strength (worn)
   (Okawaru gifted it to you on level 3 of the Elven Halls)
 X - +9 gold dragon scales (worn)
   (You found it on level 4 of the Depths)
Jewellery
 r - the ring of Cieroeth {Contam rN+ Will+ Str+6}
   (You found it on level 3 of the Crypt)

   [ring of positive energy]

   Str:       It affects your strength (+6).
   rN:        It protects you from negative energy.
   Contam:    It causes magical contamination when unequipped.
   Will:      It increases your willpower.
 C - the ring of Mieczom {rC+ Str+3}
   (You took it off a tengu reaver on level 5 of the Vaults)

   [ring of protection from cold]

   Str:       It affects your strength (+3).
   rC:        It protects you from cold.
 F - a ring of protection from fire
   (You found it on level 6 of the Lair of Beasts)
 I - a ring of see invisible
   (You found it on level 3 of the Elven Halls)
 L - the ring "Ynioc" {Fly rPois rN+}
   (You found it on level 6 of the Lair of Beasts)

   [ring of poison resistance]

   rPois:     It protects you from poison.
   rN:        It protects you from negative energy.
   Fly:       It grants you flight.
 N - the ring "Wagiffi" (right hand) {rN+ Dex+3}
   (You found it on level 3 of the Crypt)

   [ring of positive energy]

   Dex:       It affects your dexterity (+3).
   rN:        It protects you from negative energy.
 O - a ring of resist corrosion
   (You found it on level 3 of the Crypt)
 R - the amulet of Lugonu's Favour (around neck) {rF+ Regen+}
   (You took it off a merfolk siren on level 1 of the Shoals)

   [amulet of regeneration]

   rF:        It protects you from fire.
   Regen:     It increases your rate of health regeneration.
 V - a +4 ring of evasion (left hand)
   (You found it on level 2 of the Dungeon)
 W - the ring of the Mage {Wiz Will++ Int+3}
   (You bought it in a shop on level 2 of the Orcish Mines)

   [ring of wizardry]

   It improves your spell success rate.
   Int:       It affects your intelligence (+3).
   Will:      It greatly increases your willpower.
Wands
 f - a wand of iceblast (21)
   (You found it on level 13 of the Dungeon)
 o - a wand of acid (11)
   (You found it on level 1 of the Lair of Beasts)
 M - a wand of digging (20)
   (You found it on level 6 of the Lair of Beasts)
Scrolls
 h - 4 scrolls of silence
 j - 5 scrolls of fear
 l - 9 scrolls of fog
 q - 5 scrolls of blinking
 w - 6 scrolls of teleportation
 E - 3 scrolls of magic mapping
Potions
 d - 4 potions of cancellation
 g - a potion of resistance
 n - 6 potions of mutation {!q}
 p - 3 potions of heal wounds
 s - 2 potions of berserk rage
 u - 9 potions of attraction {!q}
 z - 3 potions of might
 Q - 2 potions of haste
 S - 3 potions of invisibility
 Y - 3 potions of magic
 Z - 7 potions of curing
Miscellaneous
 m - a lightning rod (4/4)
   (You found it on level 1 of the Vaults)
 t - a condenser vane
   (You found it on level 3 of the Lair of Beasts)
 x - a phial of floods
   (You found it on level 3 of the Vaults)

Dungeon Overview and Level Annotations

Branches:
Dungeon (15/15)            Temple (1/1) D:6            Lair (6/6) D:8
 Shoals (4/4) Lair:2       Spider (4/4) Lair:3        Slime (0/5) Lair:5
    Orc (2/2) D:12            Elf (3/3) Orc:2        Vaults (5/5) D:14
  Crypt (3/3) Vaults:3       Tomb (0/3) Crypt:3      Depths (4/4) D:15
    Zot (5/5) Depths:4      IceCv (visited)         Volcano (visited)
 WizLab (visited)

Altars:
Ashenzari
Cheibriados
Dithmenos
Elyvilon
Fedhas
Gozag
Hepliaklqana
Kikubaaqudgha
Makhleb
Nemelex Xobeh
Okawaru
Qazlal
Ru
Sif Muna
Trog
Uskayaw
Vehumet
Wu Jian
Xom
Yredelemnul
Zin
The Shining One
Beogh
Jiyva

Shops:
D:7 =   D:12 :[(((   Orc:2 (=**[   Shoals:1 [   Shoals:2 *   Vaults:1 !!:
Vaults:2 !

Portals:
Hell: Depths:1 Depths:2 Depths:3 Depths:4
Abyss: Depths:1 Depths:2 Depths:3
Pandemonium: Depths:2
Ziggurat: Depths:1

Annotations:
D:2 exclusion: downstairs
D:4 1 runed translucent door, Crazy Yiuf
Elf:2 3 runed translucent doors
Depths:2 1 runed translucent door
Zot:4 2 runed translucent doors


Message History

(V) Vaults (C) Crypt (W) Tomb (U) Depths (H) Hell (Z) Zot
Where to? (Enter - D:1, ? - help)
Your extra speed is starting to run out.
Magic restored.
You feel yourself slow down.
(D) Dungeon (T) Temple (L) Lair (A) Shoals (N) Spider Nest (M) Slime Pits (O) Orcish Mines (E) Elven Halls (V) Vaults (C) Crypt (W) Tomb (U) Depths (H) Hell (Z) Zot
Where to? (Enter - D:1, ? - help)
There is a stone staircase leading up here.
You feel a little less mighty now.
You climb upwards.
Level annotation: exclusion: downstairs
There is a stone staircase leading down here.
A Hell Sentinel comes into view.
There is a stone staircase leading up here.
You climb upwards.
There is a stone staircase leading down here.
(D) Dungeon (T) Temple (L) Lair (A) Shoals (N) Spider Nest (M) Slime Pits (O) Orcish Mines (E) Elven Halls (V) Vaults (C) Crypt (W) Tomb (U) Depths (H) Hell (Z) Zot
Where to? (Enter - D:1, ? - help) You're already here!
You feel like a meek peon again.
You are no longer corroded.
Your hands slow down.
There is a stone staircase leading down here.
There is a staircase leading out of the dungeon here.
Drop what? 51/52 slots (_ for help) (? for menu, Esc to quit)
You drop 12 potions of heal wounds.
You drop 18 scrolls of teleportation.
You drop 9 potions of might.
You drop 7 potions of haste.
You drop 3 scrolls of acquirement.
You drop 18 potions of curing.
Okay, then.
You have escaped!

There were no monsters in sight!

Vanquished Creatures
  A pandemonium lord (D:3)
  3 ancient liches
  3 orbs of fire (Zot:5)
  Mara (Crypt:1)
  Mennas (Crypt:1)
  Sojobo (Vaults:4)
  3 Killer Klowns
  Bai Suzhen (Crypt:1)
  Frederick (Vaults:5)
  Boris (Crypt:1)
  Margery (Vaults:4)
  4 caustic shrikes
  Saint Roka (Orc:1)
  Xtahua (Crypt:2)
  11 golden dragons
  2 bone dragons
  Arachne (Spider:4)
  A profane servitor (Crypt:3)
  2 electric golems
  A shard shrike zombie (Crypt:1)
  2 walking crystal tomes
  23 Orb Guardians
  11 tentacled monstrosities
  The ghost of Bapsenitui the Bludgeoner, an adept TrMo of Wu Jian (Shoals:3)
  Mlioglotl (Spider:4)
  5 liches
  A walking earthen tome (Depths:3)
  3 titans (Vaults:5)
  Asterion (Vaults:2)
  3 deep elf blademasters (Elf:3)
  2 deep elf master archers (Elf:3)
  3 quicksilver dragons
  Gastronok (Lair:1)
  Frances (D:13)
  3 krakens
  6 sphinxes
  6 ancient champions
  A sphinx (shapeshifter) (Vaults:5)
  11 tengu reavers
  5 death cobs
  Donald (Spider:2)
  The ghost of Huaklezo the Severer, an adept HOFi of Ru (Spider:2)
  Kirke (Lair:4)
  6 storm dragons
  12 shadow dragons
  A draconian monk (Zot:5)
  Roxanne (Elf:2)
  Ilsuiw (Shoals:3)
  3 revenants
  12 frost giants
  8 fire giants
  3 draconian knights
  5 ghost moths
  An azure jelly (shapeshifter) (D:15)
  16 vault wardens
  A ghost moth (shapeshifter) (Vaults:4)
  12 deep elf sorcerers
  A balrug (Depths:1)
  An iron dragon (Vaults:5)
  2 orc warlords
  Aizul (Spider:3)
  A draconian shifter (Zot:5)
  A caustic shrike zombie (Depths:2)
  2 draconian stormcallers (Zot:5)
  Louise (Shoals:4)
  6 deep elf elementalists
  6 emperor scorpions (Spider:4)
  2 curse skulls
  17 ironbound preservers
  4 ghouls
  A spriggan defender (Depths:3)
  A reaper (D:3)
  14 stone giants
  A war gargoyle (Vaults:5)
  12 very ugly things
  Azrael (Elf:2)
  5 deep elf demonologists
  8 deep elf annihilators
  4 vampire knights
  6 green draconians
  4 entropy weavers
  6 black draconians
  4 dire elephants (Vaults:3)
  7 red draconians
  3 white draconians
  6 spark wasps
  Snorg (D:10)
  3 purple draconians
  5 yellow draconians
  10 ettins
  15 deep elf death magi
  4 eidola
  A blizzard demon (Depths:1)
  7 merfolk impalers
  A crystal guardian (Vaults:4)
  6 deep elf high priests
  5 merfolk javelineers
  12 jiangshi (Crypt:3)
  19 yaktaur captains
  9 great orbs of eyes
  A salamander tyrant (Depths:3)
  14 boulder beetles
  2 hell beasts
  Harold (D:10)
  6 fire dragons
  8 hydras
  A peacekeeper (Vaults:4)
  40 vault guards
  An ogre mage (Vaults:5)
  9 ice dragons
  2 rakshasas
  5 merfolk avatars
  An anaconda (shapeshifter) (Vaults:5)
  A juggernaut simulacrum (Crypt:3)
  2 spriggan air magi (Depths:3)
  6 ironbound thunderhulks
  2 alligator snapping turtles (Shoals:4)
  14 centaur warriors
  7 two-headed ogres
  13 ironbound frosthearts
  6 death knights
  14 dancing weapons
  9 deep troll shamans
  12 tengu warriors
  11 merfolk aquamancers
  An alligator (Lair:6)
  4 death yaks
  4 hell hogs
  6 deep troll earth magi
  4 satyrs
  6 orc high priests
  A spriggan berserker (Depths:2)
  A spectral dire elephant (Crypt:3)
  12 hell knights
  3 shadow wraiths (Crypt:3)
  3 soul eaters
  11 deep elf knights
  3 sun demons
  A titan skeleton (Crypt:2)
  10 iron trolls
  2 goliath frogs (Lair:6)
  37 skeletal warriors
  56 deep trolls
  2 salamander mystics
  6 flayed ghosts
  22 sea snakes
  A glowing orange brain (shapeshifter) (Vaults:5)
  A bog body (Crypt:2)
  9 wizards
  2 shadow dragon zombies
  17 lindwurms
  5 glowing orange brains
  19 deep elf pyromancers
  6 orc knights
  Pikel (D:9)
  9 deep elf archers
  21 deep elf zephyrmancers
  17 ironbound convokers
  23 harpies
  10 phantasmal warriors
  12 necromancers
  19 manticores
  19 orb spiders
  A frost giant zombie (Crypt:2)
  25 ugly things
  26 wolf spiders
  A faun (shapeshifter) (Vaults:4)
  18 fauns
  3 salamanders (Volcano)
  5 orc sorcerers
  10 cyclopes
  A salamander (shapeshifter) (Vaults:4)
  2 cyclopes (shapeshifter)
  A shadow dragon skeleton (Crypt:1)
  19 moths of wrath
  Maurice (Orc:2)
  5 elephants (Lair:6)
  6 black mambas
  13 merfolk sirens
  2 elephants (shapeshifter)
  A goliath frog skeleton (Crypt:2)
  3 molten gargoyles (Volcano)
  An ice statue (IceCv)
  An orange demon (Depths:2)
  A water nymph (shapeshifter) (Vaults:5)
  14 water nymphs
  18 vault sentinels
  3 torpor snails
  27 cane toads
  5 rime drakes
  An unseen horror (D:11)
  4 gargoyles
  A hellion (Depths:3)
  An efreet (D:14)
  47 yaktaurs
  11 komodo dragons
  4 kobold demonologists
  3 anaconda simulacra (IceCv)
  5 demonic crawlers
  12 freezing wraiths
  2 tengu conjurers
  25 merfolk
  12 ice devils (IceCv)
  8 trolls
  41 jumping spiders
  A jumping spider (shapeshifter) (D:11)
  16 hornets
  3 meliai (Spider:2)
  An iron troll skeleton (Crypt:1)
  28 wind drakes
  26 dream sheep
  2 tyrant leeches (Lair:6)
  A harpy skeleton (Crypt:2)
  14 blink frogs
  36 slime creatures
  15 snapping turtles
  A snapping turtle (shapeshifter) (Elf:3)
  80 redbacks
  52 flying skulls
  A spectral swamp dragon (Crypt:3)
  Sigmund (D:3)
  2 large abominations (Crypt:3)
  49 yaks
  4 shadows
  6 air elementals
  A wyvern (Lair:6)
  A centaur simulacrum (D:15)
  6 wraiths
  15 spriggans
  29 water elementals
  38 tarantellas
  4 vampires (WizLab)
  7 fire elementals
  A black mamba skeleton (Crypt:2)
  2 ettin skeletons (Vaults:5)
  2 dire elephant simulacra (IceCv)
  A tyrant leech zombie (Crypt:1)
  3 humans (Lair:4)
  5 basilisks
  A hog (Lair:4)
  2 steam dragons (Shoals:3)
  Eustachio (D:4)
  Grum (D:9)
  5 death yak simulacra (IceCv)
  Edmund (D:5)
  7 vampire mosquitoes
  3 wargs (Orc:1)
  A human zombie (Depths:2)
  A harpy simulacrum (IceCv)
  2 two-headed ogre zombies (WizLab)
  3 hell hounds (Elf:2)
  An acid dragon (D:6)
  12 water moccasins
  27 orc warriors
  A sky beast (D:7)
  2 hornet zombies (D:6)
  A black bear (shapeshifter) (Vaults:5)
  An ice beast (D:6)
  A lindwurm zombie (Crypt:2)
  8 boggarts
  3 black bears
  5 necrophages
  16 ogres
  13 wolves
  4 centaurs
  A lemure (D:9)
  2 phantoms
  2 kobold brigands
  17 bullfrogs
  Blork the orc (D:4)
  5 scorpions
  A two-headed ogre simulacrum (IceCv)
  5 cane toad simulacra (IceCv)
  6 earth elementals
  A gnoll sergeant (D:9)
  A cyclops zombie (Crypt:1)
  A water moccasin skeleton (D:6)
  2 small abominations (Crypt:3)
  10 killer bees
  8 troll zombies (WizLab)
  12 wights
  5 elephant simulacra (IceCv)
  3 howler monkeys
  10 electric eels
  4 bullfrog zombies (D:6)
  7 centaur zombies
  2 bullfrog skeletons (D:6)
  5 hounds
  10 orc priests
  Jessica (D:3)
  Natasha (twice) (D:3)
  11 orc wizards
  4 iguanas
  A polar bear simulacrum (IceCv)
  A spriggan simulacrum (IceCv)
  4 wolf simulacra (IceCv)
  3 ogre zombies (WizLab)
  An ogre skeleton (Crypt:1)
  A hound skeleton (D:4)
  2 howler monkey zombies
  11 gnolls
  A naga simulacrum (IceCv)
  11 adders
  2 shadow imps
  13 white imps
  2 ufetubi (IceCv)
  An adder skeleton (Crypt:1)
  A lava snake skeleton (Crypt:2)
  A worm (D:2)
  A barachi skeleton (Crypt:1)
  51 orcs
  A bat (D:2)
  6 endoplasms
  A giant cockroach (D:1)
  7 goblins
  4 hobgoblins
  3 jackals (D:3)
  5 quokkas
  9 ball pythons
  5 frilled lizards
  A hobgoblin skeleton (Crypt:1)
  A hobgoblin zombie (Crypt:2)
  6 kobolds
  A kobold skeleton (Crypt:2)
  5 rats
  5 tentacles
2290 creatures vanquished.

Vanquished Creatures (collateral kills)
  3 kobolds (D:11)
3 creatures vanquished.

Vanquished Creatures (others)
  A lich (Vaults:5)
  A merfolk aquamancer (Shoals:1)
  A deep elf archer (Elf:1)
  An orb spider (Spider:4)
  A deep elf zephyrmancer (Elf:1)
  A salamander (Depths:3)
  A kobold demonologist (D:11)
  A redback (Spider:4)
  A water elemental (Shoals:4)
  A tarantella (Spider:2)
  45 foxfires
  34 fungi
  192 plants
  4 starspawn tentacles (Spider:4)
  18 tentacles
303 creatures vanquished.

Grand Total: 2596 creatures vanquished

Notes
Turn   | Place    | Note
-------+----------+-------------------------------------------
     0 | D:1      | mitch45678 the Minotaur Fire Elementalist began the quest
                  | for the Orb.
     0 | D:1      | Reached XP level 1. HP: 14/14 MP: 1/1
    82 | D:1      | Reached skill level 1 in Conjurations
   297 | D:1      | Reached skill level 1 in Fighting
   466 | D:1      | Reached XP level 2. HP: 15/24 MP: 0/3
   742 | D:1      | Reached skill level 1 in Short Blades
   907 | D:1      | Found a faded altar of an unknown god.
  1209 | D:2      | Reached skill level 2 in Short Blades
  1209 | D:2      | Reached XP level 3. HP: 26/29 MP: 0/4
  1623 | D:2      | Reached skill level 3 in Short Blades
  1810 | D:2      | Reached skill level 2 in Fighting
  1948 | D:3      | Noticed an ogre
  1995 | D:3      | Noticed Jessica
  2004 | D:2      | Reached XP level 4. HP: 30/36 MP: 2/5
  2032 | D:3      | Killed Jessica
  2108 | D:3      | Found a sacrificial altar of Ru.
  2257 | D:3      | Noticed Natasha
  2279 | D:3      | Killed Natasha
  2280 | D:3      | Reached skill level 1 in Shields
  2405 | D:3      | Noticed Sigmund
  2755 | D:3      | Reached XP level 5. HP: 41/41 MP: 6/6
  2778 | D:4      | Noticed a phantom
  2831 | D:3      | Killed a phantom
  2832 | D:3      | Reached skill level 2 in Evocations
  3149 | D:4      | Noticed Eustachio
  3155 | D:4      | Killed Eustachio
  3156 | D:4      | Reached skill level 4 in Shields
  3156 | D:4      | Reached XP level 6. HP: 44/48 MP: 5/7
  3219 | D:4      | Noticed Blork the orc
  3234 | D:4      | Killed Blork the orc
  3235 | D:4      | Reached skill level 5 in Shields
  3407 | D:4      | Reached skill level 4 in Short Blades
  3407 | D:4      | Reached skill level 3 in Evocations
  3407 | D:4      | Reached XP level 7. HP: 56/56 MP: 8/8
  3554 | D:4      | Found a runed translucent door.
  3555 | D:4      | Noticed Crazy Yiuf
  3713 | D:4      | Reached skill level 1 in Axes
  4054 | D:5      | Entered Level 5 of the Dungeon
  4260 | D:5      | Paralysed by an orc for 5 turns
  4270 | D:5      | Reached skill level 2 in Axes
  4503 | D:5      | Noticed Edmund
  4518 | D:4      | Reached skill level 3 in Axes
  4518 | D:4      | Reached skill level 6 in Shields
  4588 | D:5      | Killed Edmund
  4589 | D:5      | Reached skill level 4 in Axes
  4638 | D:5      | Reached skill level 1 in Maces & Flails
  5030 | D:6      | Reached skill level 2 in Maces & Flails
  5030 | D:6      | Reached skill level 1 in Armour
  5030 | D:6      | Reached XP level 8. HP: 44/62 MP: 6/9
  5069 | D:6      | Found a staircase to the Ecumenical Temple.
  5078 | Temple   | Entered the Ecumenical Temple
  5086 | Temple   | Reached skill level 3 in Maces & Flails
  5086 | Temple   | Reached skill level 2 in Armour
  5291 | Temple   | Became a worshipper of Warmaster Okawaru
  5339 | Temple   | Reached skill level 4 in Maces & Flails
  5432 | D:6      | Reached skill level 3 in Armour
  5637 | D:6      | Reached skill level 5 in Maces & Flails
  5906 | D:6      | Reached * piety under Okawaru
  5907 | D:6      | Reached skill level 6 in Maces & Flails
  5907 | D:6      | Reached skill level 4 in Armour
  5978 | D:6      | Reached skill level 1 in Invocations
  6027 | D:6      | Reached skill level 2 in Invocations
  6033 | D:6      | Reached skill level 5 in Armour
  6033 | D:6      | Reached XP level 9. HP: 56/68 MP: 6/10
  6036 | D:6      | Reached skill level 7 in Maces & Flails
  6036 | D:6      | Reached skill level 3 in Invocations
  6092 | D:6      | Reached ** piety under Okawaru
  6127 | D:6      | Reached skill level 4 in Invocations
  6149 | D:6      | Reached skill level 3 in Fighting
  6165 | D:6      | Identified the +6 short sword "Ychij Too" {spect, rF+ Will+
                  | Stlth+}
  6268 | D:7      | Reached skill level 4 in Fighting
  6321 | D:7      | Reached skill level 1 in Throwing
  6501 | D:7      | Reached skill level 2 in Throwing
  6506 | D:7      | Reached skill level 3 in Throwing
  6513 | D:7      | Reached skill level 5 in Fighting
  6568 | D:7      | Reached skill level 6 in Fighting
  6588 | D:7      | Reached *** piety under Okawaru
  6617 | D:7      | Found Vaseacek's Jewellery Shoppe.
  6887 | D:7      | Reached skill level 7 in Fighting
  7163 | D:8      | Reached XP level 10. HP: 88/88 MP: 12/12
  7174 | D:8      | Reached skill level 8 in Fighting
  7177 | D:8      | Reached skill level 7 in Shields
  7203 | D:8      | Found a staircase to the Lair.
  7231 | D:8      | Reached **** piety under Okawaru
  7232 | D:8      | Reached skill level 8 in Shields
  7567 | D:8      | Reached skill level 9 in Fighting
  7567 | D:8      | Reached skill level 9 in Shields
  7744 | D:9      | Reached skill level 5 in Invocations
  7842 | D:9      | Noticed Grum
  7856 | D:9      | Killed Grum
  7874 | D:9      | Reached skill level 6 in Invocations
  8048 | D:9      | Found a blossoming altar of Fedhas.
  8066 | D:9      | Found a broken altar of Ashenzari.
  8221 | D:9      | Noticed Pikel
  8250 | D:9      | Killed Pikel
  8250 | D:9      | Reached ***** piety under Okawaru
  8382 | D:9      | Noticed a manticore
  8394 | D:9      | Killed a manticore
  8565 | D:10     | Entered Level 10 of the Dungeon
  8594 | D:10     | Noticed Harold
  8611 | D:10     | Killed Harold
  8612 | D:10     | Reached skill level 5 in Short Blades
  8612 | D:10     | Reached XP level 11. HP: 89/97 MP: 11/15
  8658 | D:10     | Reached skill level 10 in Shields
  8658 | D:10     | Reached skill level 7 in Invocations
  8693 | D:10     | Received a gift from Okawaru
  8786 | D:10     | Noticed a two-headed ogre
  8797 | D:10     | Killed a two-headed ogre
  8797 | D:10     | Received a gift from Okawaru
  8798 | D:10     | Reached skill level 8 in Invocations
  8798 | D:10     | Reached skill level 3 in Dodging
  8897 | D:10     | Noticed a centaur warrior
  8898 | D:10     | Found a runed translucent door.
  8899 | D:10     | Noticed a two-headed ogre
  8921 | D:10     | Killed a centaur warrior
  8922 | D:10     | Reached skill level 4 in Dodging
  8931 | D:10     | Reached skill level 5 in Dodging
  8950 | D:10     | Killed a two-headed ogre
  8951 | D:10     | Reached skill level 6 in Dodging
  9110 | D:10     | Reached skill level 6 in Armour
  9120 | D:10     | Reached skill level 7 in Dodging
  9191 | D:10     | Noticed Snorg
  9257 | Lair:1   | Entered Level 1 of the Lair of Beasts
  9335 | Lair:1   | Identified the +2 quick blade "Xues" {flame, rElec}
                  | (Okawaru gifted it to you on level 1 of the Lair of Beasts)
  9335 | Lair:1   | Received a gift from Okawaru
  9406 | Lair:1   | Reached skill level 5 in Axes
  9417 | Lair:1   | Reached skill level 6 in Axes
  9430 | Lair:1   | Reached XP level 12. HP: 49/104 MP: 17/17
  9452 | Lair:1   | Reached skill level 7 in Axes
  9627 | Lair:1   | Noticed a four-headed hydra
  9639 | Lair:1   | Killed a four-headed hydra
  9677 | Lair:1   | Noticed Gastronok
  9690 | Lair:1   | Killed Gastronok
  9691 | Lair:1   | Reached skill level 8 in Axes
  9877 | Lair:1   | Reached skill level 9 in Axes
 10040 | Lair:2   | Identified the +1 robe of the Will of the Gods {rPois
                  | Stlth+} (Okawaru gifted it to you on level 2 of the Lair of
                  | Beasts)
 10040 | Lair:2   | Received a gift from Okawaru
 10041 | Lair:2   | Reached skill level 10 in Axes
 10126 | Lair:2   | Reached ****** piety under Okawaru
 10157 | Lair:2   | Found a staircase to the Shoals.
 10223 | Lair:2   | Reached skill level 11 in Axes
 10747 | Lair:3   | Noticed a five-headed hydra
 10758 | Lair:3   | Killed a five-headed hydra
 10759 | Lair:3   | Reached skill level 12 in Axes
 10790 | Lair:3   | Upgraded the game from 0.28-a0-991-g956f0ee3d5 to
                  | 0.28-a0-998-gb9e9c7b67e
 10950 | Lair:3   | Reached skill level 7 in Armour
 11122 | Lair:3   | Found a hole to the Spider Nest.
 11187 | Lair:3   | Reached skill level 13 in Axes
 11302 | Lair:3   | Reached skill level 8 in Dodging
 11437 | Lair:4   | Noticed an eight-headed hydra
 11447 | Lair:4   | Killed an eight-headed hydra
 11478 | Lair:4   | Reached XP level 13. HP: 101/111 MP: 18/18
 11550 | Lair:4   | Found a frozen archway.
 11610 | IceCv    | Entered an ice cave
 11616 | IceCv    | Reached skill level 8 in Armour
 11822 | IceCv    | Received a gift from Okawaru
 11864 | IceCv    | HP: 27/111 [something (6)]
 11920 | IceCv    | Reached skill level 9 in Dodging
 12001 | IceCv    | Reached skill level 9 in Armour
 12130 | IceCv    | Found an ancient bone altar of Kikubaaqudgha.
 12173 | IceCv    | Reached skill level 6 in Short Blades
 12302 | IceCv    | Found the +3 pair of seven-league boots {Rampage+∞}
 12476 | Lair:4   | Noticed Kirke
 12489 | Lair:4   | Killed Kirke
 12490 | Lair:4   | Reached skill level 10 in Fighting
 12538 | Lair:4   | Identified the +0 pair of boots of Reason {Harm Regen+
                  | Dex+2} (Okawaru gifted it to you on level 4 of the Lair of
                  | Beasts)
 12538 | Lair:4   | Received a gift from Okawaru
 12661 | Lair:4   | Reached skill level 11 in Fighting
 12933 | Lair:5   | Reached skill level 12 in Fighting
 13082 | Lair:5   | Reached skill level 11 in Shields
 13388 | Lair:5   | Reached skill level 12 in Shields
 13393 | Lair:5   | Reached XP level 14. HP: 122/126 MP: 19/19
 13437 | Lair:5   | Found the +10 tower shield of Ignorance {rN+ Int-4}
 13654 | Lair:5   | Found a viscous altar of Jiyva.
 13654 | Lair:5   | Found a staircase to the Slime Pits.
 14017 | Lair:6   | Entered Level 6 of the Lair of Beasts
 14036 | Lair:5   | Reached skill level 13 in Shields
 14262 | Lair:6   | Reached skill level 14 in Shields
 14313 | Lair:6   | Received a gift from Okawaru
 14423 | Lair:6   | Found an opulent altar of Gozag.
 14436 | Lair:6   | Found a dark tunnel.
 14456 | Volcano  | Entered a volcano
 14556 | Volcano  | Reached skill level 15 in Shields
 14557 | Volcano  | Noticed an orb of fire
 14715 | Volcano  | Noticed an orb of fire
 14731 | Volcano  | Reached skill level 10 in Dodging
 14800 | Volcano  | Received a gift from Okawaru
 14948 | Lair:6   | Received a gift from Okawaru
 14958 | Lair:6   | Reached skill level 11 in Dodging
 15127 | Lair:6   | Found a hide-covered altar of Uskayaw.
 15127 | Lair:6   | Found an ornate altar of the Wu Jian Council.
 15170 | Lair:6   | Reached skill level 12 in Dodging
 15282 | Lair:6   | Identified the ring "Ynioc" {Fly rPois rN+}
 15392 | Lair:6   | Reached skill level 10 in Armour
 15415 | Lair:6   | Found the amulet of the Air {Inacc Air Fly rElec RMsl}
 15813 | D:3      | Noticed Natasha
 15815 | D:3      | Killed Natasha
 15995 | D:3      | Killed Sigmund
 16469 | D:11     | Reached XP level 15. HP: 93/132 MP: 20/20
 16685 | D:11     | Identified the ring "Raciraw" {Fire rN+++ Str-2 Dex-3
                  | Stlth+}
 16694 | D:11     | Reached skill level 11 in Armour
 16955 | D:11     | Reached skill level 12 in Armour
 17142 | D:12     | Found Lokac's Weapon Boutique.
 17225 | D:12     | Found Egoodun's Weapon Emporium.
 17265 | D:12     | Received a gift from Okawaru
 17302 | D:12     | Found Beqo's Book Boutique.
 17338 | D:12     | Found a staircase to the Orcish Mines.
 17340 | D:12     | Found Ucyss's Armour Shop.
 17552 | D:12     | Found Hoikkuupt's Antique Weapon Boutique.
 17831 | D:13     | Reached skill level 13 in Fighting
 17995 | D:13     | Noticed Frances
 18015 | D:13     | Gained mutation: You sometimes lose the ability to read
                  | scrolls when taking damage. [a neqoxec]
 18017 | D:13     | Killed Frances
 18017 | D:13     | Received a gift from Okawaru
 18018 | D:13     | Lost mutation: You sometimes lose the ability to read
                  | scrolls when taking damage. [potion of mutation]
 18018 | D:13     | Gained mutation: You tend to lose your temper in combat.
                  | [potion of mutation]
 18018 | D:13     | Gained mutation: Your flesh is cold resistant. (rC+)
                  | [potion of mutation]
 18537 | D:14     | Identified the +3 war axe of Incongruity {vorpal, Fly rElec
                  | rC+ rCorr}
 18684 | D:14     | Reached skill level 14 in Fighting
 18859 | D:14     | Noticed a frost giant
 18875 | D:14     | Killed a frost giant
 18889 | D:14     | Reached skill level 15 in Fighting
 18946 | D:14     | Noticed a fire giant
 18946 | D:14     | Noticed a tengu reaver
 18962 | D:14     | Killed a tengu reaver
 18963 | D:14     | Reached skill level 14 in Axes
 18964 | D:14     | HP: 35/141 [fire giant/fireball (26)]
 18968 | D:14     | Killed a fire giant
 18973 | D:14     | HP: 30/141 [yaktaur captain (9)]
 19249 | D:14     | Reached skill level 15 in Axes
 19255 | D:14     | Found a gate to the Vaults.
 19720 | D:15     | Entered Level 15 of the Dungeon
 19878 | D:15     | Received a gift from Okawaru
 19884 | D:15     | Found a staircase to the Depths.
 20037 | D:15     | Noticed a frost giant
 20040 | D:15     | Noticed an azure jelly
 20040 | D:15     | a frost giant changed into an azure jelly
 20051 | D:15     | Killed an azure jelly
 20052 | D:15     | Reached XP level 16. HP: 118/149 MP: 19/21
 20274 | D:15     | Reached skill level 16 in Axes
 20305 | D:15     | Found a faded altar of an unknown god.
 20306 | D:15     | Found a hazy altar of Hepliaklqana.
 20307 | D:15     | Found a faded altar of an unknown god.
 20307 | D:15     | Found a faded altar of an unknown god.
 20669 | Orc:1    | Entered Level 1 of the Orcish Mines
 20900 | Orc:2    | Entered Level 2 of the Orcish Mines
 20902 | Orc:2    | Noticed Saint Roka
 20934 | Orc:1    | HP: 37/149 [Saint Roka (28)]
 20940 | Orc:1    | Killed Saint Roka
 21103 | Orc:2    | Found Xaufusej's Jewellery Emporium.
 21164 | Orc:2    | Found Isio's General Store.
 21171 | Orc:2    | Bought the ring of the Mage {Wiz Will++ Int+3} for 930 gold
                  | pieces
 21171 | Orc:2    | Found the ring of the Mage {Wiz Will++ Int+3}
 21205 | Orc:1    | Reached skill level 17 in Axes
 21212 | Orc:2    | Noticed Nessos
 21223 | Orc:2    | Noticed Maurice
 21647 | Orc:2    | Noticed Nessos
 21647 | Orc:2    | Nessos changed into Nessos the wind drake
 21657 | Orc:2    | Killed Nessos the wind drake
 21761 | Orc:2    | Killed Maurice
 21823 | Orc:2    | Found Ygisesch's General Store.
 21837 | Orc:2    | Found Jixzi's Antique Armour Shop.
 21846 | Orc:2    | Found a staircase to the Elven Halls.
 21972 | Orc:2    | Found Aprubur's Antique Weapon Shop.
 22410 | Orc:2    | Bought a +1 plate armour of willpower for 420 gold pieces
 22561 | D:10     | Killed Snorg
 22679 | Spider:1 | Entered Level 1 of the Spider Nest
 23033 | Spider:1 | Reached skill level 9 in Invocations
 23143 | Spider:1 | Received a gift from Okawaru
 23205 | Spider:1 | Received a gift from Okawaru
 23207 | Spider:1 | Reached skill level 13 in Dodging
 23308 | Spider:1 | Reached skill level 13 in Armour
 23814 | Spider:2 | Noticed Donald
 23823 | Spider:2 | Killed Donald
 23921 | Spider:2 | Noticed Huaklezo's ghost (adept HOFi)
 23922 | Spider:2 | Found a transporter.
 23959 | Spider:2 | Found a transporter.
 23996 | Spider:2 | Killed Huaklezo's ghost
 24002 | Spider:2 | Identified the ring of New Discoveries {Wiz Str+4 Stlth-}
 24077 | Spider:2 | Reached skill level 14 in Armour
 24473 | Spider:2 | Identified the +8 chain mail "Ecuoreeth" {SInv} (Okawaru
                  | gifted it to you on level 2 of the Spider Nest)
 24473 | Spider:2 | Received a gift from Okawaru
 24755 | Spider:2 | Reached XP level 17. HP: 144/156 MP: 22/22
 24896 | Spider:3 | Reached skill level 15 in Armour
 25590 | Spider:4 | Entered Level 4 of the Spider Nest
 25590 | Spider:4 | Noticed Aizul
 25629 | Spider:3 | Reached skill level 16 in Armour
 25649 | Spider:3 | Killed Aizul
 25891 | Spider:4 | Noticed Mlioglotl
 25901 | Spider:4 | Killed Mlioglotl
 25941 | Spider:4 | Reached skill level 17 in Armour
 26027 | Spider:4 | Identified the +6 whip "Ryniudgh" {pain, Will+}
 26407 | Spider:4 | Received a gift from Okawaru
 26626 | Spider:4 | Reached skill level 18 in Armour
 26726 | Spider:4 | Noticed Arachne
 26760 | Spider:4 | Killed Arachne
 26763 | Spider:4 | Got a gossamer rune of Zot
 26974 | Shoals:1 | Entered Level 1 of the Shoals
 26974 | Shoals:1 | Noticed a kraken
 26999 | Shoals:1 | Killed a kraken
 27070 | Shoals:1 | Reached skill level 14 in Dodging
 27108 | Shoals:1 | Identified the +3 hat of Sughytra {Slay+3} (Okawaru gifted
                  | it to you on level 1 of the Shoals)
 27108 | Shoals:1 | Received a gift from Okawaru
 27113 | Shoals:1 | Reached skill level 16 in Fighting
 27221 | Shoals:1 | Identified the amulet of Lugonu's Favour {rF+ Regen+}
 27233 | Shoals:1 | Reached XP level 18. HP: 161/167 MP: 23/23
 27280 | Shoals:1 | yes pls
 27562 | Shoals:1 | Found Bakhyf's Armour Boutique.
 27571 | Shoals:1 | Lost mutation: You tend to lose your temper in combat.
                  | [potion of mutation]
 27571 | Shoals:1 | Lost mutation: Your flesh is cold resistant. (rC+) [potion
                  | of mutation]
 27571 | Shoals:1 | Gained mutation: You are clumsy. (Dex -2) [potion of
                  | mutation]
 27571 | Shoals:1 | Gained mutation: You are resistant to electric shocks.
                  | (rElec) [potion of mutation]
 27868 | Shoals:2 | Reached skill level 15 in Dodging
 27974 | Shoals:2 | Found Efomuas's Gadget Gallery.
 28117 | Shoals:2 | Reached skill level 17 in Fighting
 28127 | Shoals:2 | HP: 40/169 [merfolk impaler (17)]
 28568 | Shoals:3 | Found a transporter.
 28568 | Shoals:3 | Noticed Bapsenitui's ghost (adept TrMo)
 28613 | Shoals:3 | Found a transporter.
 28627 | Shoals:3 | Identified the +0 pair of boots of the Moneychanger {rN+
                  | Will+ MP+9} (Okawaru gifted it to you on level 3 of the
                  | Shoals)
 28627 | Shoals:3 | Received a gift from Okawaru
 29263 | Shoals:3 | Reached skill level 18 in Fighting
 29429 | Shoals:3 | Noticed Ilsuiw
 29475 | Shoals:3 | Killed Ilsuiw
 29712 | Shoals:3 | Reached skill level 19 in Armour
 29731 | Shoals:3 | Killed Bapsenitui's ghost
 29732 | Shoals:3 | Identified the amulet "Weintyitz" {Spirit Int+5}
 29738 | Shoals:3 | Identified the -2 pair of gloves of the Fife {Contam rElec
                  | rPois Str+5}
 29803 | Shoals:4 | Entered Level 4 of the Shoals
 30042 | Shoals:4 | Noticed Louise
 30198 | Shoals:4 | Received a gift from Okawaru
 30285 | Shoals:4 | Paralysed by an air elemental for 1 turns
 30287 | Shoals:4 | Paralysed by an air elemental for 1 turns
 30343 | Shoals:4 | Killed Louise
 30418 | Shoals:4 | Paralysed by an air elemental for 1 turns
 30455 | Shoals:4 | Paralysed by an air elemental for 1 turns
 30461 | Shoals:4 | Paralysed by an air elemental for 1 turns
 30489 | Shoals:4 | Reached skill level 16 in Shields
 30832 | Shoals:4 | Reached XP level 19. HP: 179/179 MP: 24/24
 30958 | Shoals:4 | Reached skill level 17 in Shields
 31268 | Shoals:4 | Got a barnacled rune of Zot
 31727 | Vaults:1 | Entered Level 1 of the Vaults
 31756 | Vaults:1 | Received a gift from Okawaru
 31757 | Vaults:1 | Reached skill level 18 in Shields
 31910 | Vaults:1 | Found Nalalig's Book Shoppe.
 32053 | Vaults:1 | Reached skill level 19 in Shields
 32229 | Vaults:1 | Received a gift from Okawaru
 32287 | Vaults:1 | Found Mitwit's Distillery.
 32290 | Vaults:1 | Bought a potion of heal wounds for 60 gold pieces
 32307 | Vaults:1 | Found Coyfen Wie's Distillery.
 32318 | Vaults:1 | Bought a potion of heal wounds for 95 gold pieces
 32318 | Vaults:1 | Bought a potion of heal wounds for 95 gold pieces
 32318 | Vaults:1 | Bought a potion of might for 76 gold pieces
 32387 | Vaults:1 | Identified the +2 short sword "Omno" {vorpal, Int+2}
                  | (Okawaru gifted it to you on level 1 of the Vaults)
 32387 | Vaults:1 | Received a gift from Okawaru
 32443 | Vaults:1 | Identified the +5 fustibalus of Mayhem {venom, +Blink rElec
                  | Will++ Int-5}
 32645 | Vaults:1 | Reached skill level 20 in Shields
 33030 | Vaults:2 | Noticed Asterion
 33048 | Vaults:2 | Killed Asterion
 33226 | Vaults:2 | Reached skill level 21 in Shields
 33290 | Vaults:2 | Identified the +5 tower shield of Gavapej {rPois Str+3
                  | Int+4} (Okawaru gifted it to you on level 2 of the Vaults)
 33290 | Vaults:2 | Received a gift from Okawaru
 33691 | Vaults:2 | Reached XP level 20. HP: 146/187 MP: 25/25
 33950 | Vaults:2 | Reached skill level 22 in Shields
 34315 | Vaults:2 | Found Ikhogio's Distillery.
 34319 | Vaults:2 | Bought a potion of haste for 130 gold pieces
 34821 | Vaults:3 | Reached skill level 18 in Axes
 35140 | Vaults:3 | Received a gift from Okawaru
 35158 | Vaults:3 | Found a staircase to the Crypt.
 35604 | Vaults:4 | Reached skill level 23 in Shields
 35711 | Vaults:4 | Received a gift from Okawaru
 36045 | Vaults:4 | Reached skill level 19 in Axes
 36227 | Vaults:4 | Received a gift from Okawaru
 36227 | Vaults:4 | Found the +8 mithril axe "Arga" {speed, Will+}
 36417 | Vaults:4 | Noticed Margery
 36434 | Vaults:4 | Killed Margery
 36586 | Vaults:4 | Identified the ring of the Lobster {Ice rElec rPois Slay-3}
 36620 | Vaults:4 | Reached XP level 21. HP: 153/194 MP: 26/26
 36664 | Vaults:4 | Reached skill level 24 in Shields
 36737 | Vaults:4 | Identified a scroll of acquirement
 36840 | Vaults:4 | Noticed Sojobo
 36854 | Vaults:4 | Paralysed by an air elemental for 1 turns
 36879 | Vaults:4 | Killed Sojobo
 36978 | Vaults:4 | Reached skill level 20 in Axes
 37007 | Vaults:4 | Received a gift from Okawaru
 37353 | Elf:1    | Entered Level 1 of the Elven Halls
 37789 | Elf:1    | Received a gift from Okawaru
 38166 | Elf:1    | Identified the +7 rapier "Cyrch" {protect, rN+ Will+ Str+2}
                  | (Okawaru gifted it to you on level 1 of the Elven Halls)
 38166 | Elf:1    | Received a gift from Okawaru
 38380 | Elf:2    | Noticed Azrael
 38389 | Elf:2    | Killed Azrael
 38661 | Elf:2    | Noticed Roxanne
 38677 | Elf:2    | Killed Roxanne
 38698 | Elf:2    | Found a runed translucent gate.
 38698 | Elf:2    | Found a runed translucent gate.
 38698 | Elf:2    | Found a runed translucent gate.
 38817 | Elf:3    | Entered Level 3 of the Elven Halls
 38828 | Elf:3    | Reached skill level 21 in Axes
 38883 | Elf:3    | Reached skill level 25 in Shields
 39547 | Elf:3    | Received a gift from Okawaru
 39670 | Elf:3    | Reached skill level 16 in Dodging
 40014 | Elf:3    | Identified the +6 glaive "Asodas" {flame, Stlth+}
 40349 | Elf:3    | Reached skill level 20 in Armour
 40383 | Elf:3    | Identified the ring of Gegazup {Ice SInv}
 40406 | Elf:3    | Identified the +5 war axe "Yso Jiz" {freeze, Drain Str+8
                  | Dex+2}
 40451 | Elf:3    | Identified the +1 robe of Reuhemirph {Regen+ Str+4}
 40456 | Elf:3    | Identified the +7 arbalest of Exchange {freeze, rF- rN+++
                  | Will+ SInv}
 40483 | Elf:3    | Identified the +8 whip of Fabier {drain, *Corrode rElec
                  | Str+6 Dex+3}
 40487 | Elf:3    | Got the Papyrus of Transformation
 40499 | Elf:3    | Identified the +11 spear "Duiniore" {elec, *Rage rC+ rN+}
 40516 | Elf:3    | Got the Volume of the Fiery Glacier
 40800 | Depths:1 | Entered Level 1 of the Depths
 40806 | Depths:1 | Reached XP level 22. HP: 202/202 MP: 27/27
 40837 | Depths:1 | Reached skill level 17 in Dodging
 40906 | Depths:1 | Received a gift from Okawaru
 40956 | Depths:1 | Found a gateway to a ziggurat.
 41148 | Depths:1 | Found a gateway to Hell.
 41235 | Depths:1 | Received a gift from Okawaru
 41280 | Depths:1 | Found a one-way gate to the infinite horrors of the Abyss.
 41465 | Depths:1 | Found a glowing golden altar of the Shining One.
 41732 | Depths:2 | Found a one-way gate leading to the halls of Pandemonium.
 42094 | Depths:2 | Found a runed translucent door.
 42094 | Depths:2 | Noticed a golden dragon
 42095 | Depths:2 | Noticed a golden dragon
 42106 | Depths:2 | Reached skill level 21 in Armour
 42124 | Depths:2 | Killed a golden dragon
 42124 | Depths:2 | Received a gift from Okawaru
 42125 | Depths:2 | Reached skill level 18 in Dodging
 42135 | Depths:2 | Found a runed translucent door.
 42577 | Depths:2 | Found a blossoming altar of Fedhas.
 42785 | Depths:2 | Noticed a golden dragon
 42808 | Depths:2 | Killed a golden dragon
 42836 | Depths:2 | Noticed a caustic shrike
 42836 | Depths:2 | Identified the amulet of Idexkef {Faith Will+ Slay+2}
 42840 | Depths:2 | Reached skill level 22 in Armour
 43184 | Depths:3 | Found a shimmering blue altar of Sif Muna.
 43282 | Depths:3 | Noticed a caustic shrike
 43307 | Depths:3 | Killed a caustic shrike
 43325 | Depths:3 | Received a gift from Okawaru
 43929 | Depths:3 | Reached skill level 19 in Fighting
 44202 | Depths:3 | Reached skill level 19 in Dodging
 44225 | Depths:3 | Reached XP level 23. HP: 181/213 MP: 28/28
 44240 | Depths:3 | Identified the +1 demon whip "Jiuhuhah" {pain, rF+ Str+2
                  | Dex+4 Stlth+}
 44320 | Depths:4 | Entered Level 4 of the Depths
 44472 | Depths:4 | Received a gift from Okawaru
 44641 | Depths:4 | Noticed a caustic shrike
 44653 | Depths:4 | Noticed a caustic shrike
 44657 | Depths:4 | Killed a caustic shrike
 44660 | Depths:4 | Noticed a caustic shrike
 44672 | Depths:4 | Killed a caustic shrike
 44679 | Depths:4 | Killed a caustic shrike
 44913 | Depths:4 | Found a gate to the Realm of Zot.
 45215 | Depths:4 | Reached skill level 20 in Fighting
 45218 | Depths:4 | Reached skill level 20 in Dodging
 45259 | Depths:4 | Found an iron altar of Okawaru.
 45725 | Crypt:1  | Entered Level 1 of the Crypt
 45746 | Crypt:1  | Noticed Mennas
 45783 | Crypt:1  | Killed Mennas
 45858 | Crypt:1  | Noticed Bai Suzhen
 45861 | Crypt:1  | Noticed Boris
 45882 | Crypt:1  | Killed Bai Suzhen
 45899 | Crypt:1  | Killed Boris
 45899 | Crypt:1  | Received a gift from Okawaru
 45905 | Crypt:1  | Found an ancient bone altar of Kikubaaqudgha.
 45963 | Crypt:1  | Noticed Mara
 45989 | Crypt:1  | Noticed mitch45678's illusion
 46012 | Crypt:1  | Killed Mara
 46507 | Crypt:2  | Reached skill level 21 in Dodging
 46588 | Crypt:2  | Found a magical portal.
 46665 | WizLab   | Entered Zonguldrok's Shrine
 46874 | WizLab   | Noticed an antique lich
 46883 | WizLab   | Killed an antique lich
 46954 | WizLab   | Found the +9 sword of Zonguldrok {reap}
 46991 | WizLab   | lol
 47178 | Crypt:2  | Identified the +7 dagger "Oceuropp" {venom, rElec rPois
                  | Int+3 Stlth+}
 47364 | Crypt:2  | Received a gift from Okawaru
 47429 | Crypt:2  | Noticed Xtahua
 47445 | Crypt:2  | Killed Xtahua
 47690 | Crypt:3  | Entered Level 3 of the Crypt
 47760 | Crypt:3  | Reached skill level 21 in Fighting
 48005 | Crypt:3  | Found a basalt altar of Yredelemnul.
 48072 | Crypt:3  | Reached skill level 22 in Dodging
 48073 | Crypt:3  | Reached XP level 24. HP: 198/228 MP: 28/28
 48349 | Crypt:3  | Reached skill level 22 in Fighting
 48550 | Crypt:3  | Reached skill level 10 in Invocations
 48554 | Crypt:3  | Identified the +0 pair of gloves "Qyl Nell" {-Tele rPois
                  | Str+5 Stlth+} (Okawaru gifted it to you on level 3 of the
                  | Crypt)
 48554 | Crypt:3  | Received a gift from Okawaru
 48573 | Crypt:3  | Found a staircase to the Tomb.
 48693 | Crypt:3  | Identified the ring "Wagiffi" {rN+ Dex+3}
 48693 | Crypt:3  | Identified the ring "Degiewk" {*Slow rN+ MP+9 Int+3}
 48693 | Crypt:3  | Identified the ring of Cieroeth {Contam rN+ Will+ Str+6}
 49001 | Vaults:4 | Upgraded the game from 0.28-a0-998-gb9e9c7b67e to
                  | 0.28-a0-1002-gf00fe891ef
 49002 | Vaults:5 | Entered Level 5 of the Vaults
 49054 | Vaults:5 | Identified the +9 falchion of Sujomi {spect, Str+3 Int+5}
 49100 | Vaults:5 | Reached skill level 11 in Invocations
 49111 | Vaults:5 | Noticed Frederick
 49134 | Vaults:5 | Killed Frederick
 49316 | Vaults:5 | Identified the +5 whip of Latoh {flame, rPois}
 49332 | Vaults:5 | Identified the +9 trident of Paper {vorpal, MP+9}
 49358 | Vaults:5 | Reached skill level 22 in Axes
 49379 | Vaults:5 | Identified the +8 quarterstaff of Infinite Pain {vorpal,
                  | rElec rC++ rCorr Str-3}
 49379 | Vaults:5 | Identified the ring of Mieczom {rC+ Str+3}
 49438 | Vaults:5 | Reached skill level 23 in Armour
 49538 | Vaults:5 | Identified the +1 robe of Devotion {rPois Int+3} (Okawaru
                  | gifted it to you on level 5 of the Vaults)
 49538 | Vaults:5 | Received a gift from Okawaru
 49794 | Vaults:5 | Reached XP level 25. HP: 238/238 MP: 30/30
 49814 | Vaults:5 | Identified the +5 hunting sling "Moefiod" {flame, rF+
                  | Str+2}
 49880 | Vaults:5 | Reached skill level 24 in Armour
 50344 | Vaults:5 | Reached skill level 23 in Dodging
 50431 | Vaults:5 | Got a silver rune of Zot
 51017 | Zot:1    | Entered Level 1 of the Realm of Zot
 51093 | Zot:1    | Reached skill level 25 in Armour
 51118 | Zot:1    | Noticed an electric golem
 51137 | Zot:1    | Killed an electric golem
 51525 | Zot:4    | Reached skill level 26 in Armour
 51621 | Zot:4    | Noticed a Killer Klown
 51644 | Zot:4    | Killed a Killer Klown
 51654 | Zot:5    | Entered Level 5 of the Realm of Zot
 51698 | Zot:4    | Found a large runed translucent door.
 51698 | Zot:4    | Found a large runed translucent door.
 51771 | Zot:5    | Received a gift from Okawaru
 51898 | Zot:5    | Reached skill level 27 in Armour
 51993 | Zot:5    | Reached skill level 24 in Dodging
 52046 | Zot:5    | Noticed an orb of fire
 52057 | Zot:5    | Gained mutation: Your body sometimes deteriorates upon
                  | taking damage. [an orb of fire]
 52060 | Zot:5    | Killed an orb of fire
 52063 | Zot:5    | Noticed an ancient lich
 52066 | Zot:5    | Noticed a Killer Klown
 52067 | Zot:5    | Noticed an electric golem
 52068 | Zot:5    | Noticed an orb of fire
 52069 | Zot:5    | Noticed a Killer Klown
 52070 | Zot:5    | Noticed an orb of fire
 52090 | Zot:5    | Killed an orb of fire
 52090 | Zot:5    | Received a gift from Okawaru
 52107 | Zot:5    | Killed an orb of fire
 52118 | Zot:5    | Killed an electric golem
 52121 | Zot:5    | Killed an ancient lich
 52131 | Zot:5    | Killed a Killer Klown
 52139 | Zot:5    | Killed a Killer Klown
 52140 | Zot:5    | Reached skill level 25 in Dodging
 52346 | Zot:5    | Got the Orb of Zot
 52437 | Zot:5    | Reached XP level 26. HP: 240/246 MP: 30/30
 52549 | Zot:2    | Received a gift from Okawaru
 52602 | Depths:4 | Noticed Hadufoty the pandemonium lord
 52829 | D:9      | Noticed a Brimstone Fiend
 52834 | D:8      | Noticed an Ice Fiend
 52914 | D:3      | Noticed Adazopea the pandemonium lord
 52914 | D:3      | Noticed an ancient lich
 52944 | D:3      | Killed Adazopea the pandemonium lord
 52958 | D:3      | Killed an ancient lich
 52967 | D:3      | Reached skill level 26 in Dodging
 53044 | D:$      | Escaped with the Orb!

Levels and vault maps discovered:
D:1:      dpeg_arrival_arbitrary_c, layout_rooms,
          nicolae_ecumenical_snake_handling
D:2:      layout_basic, minmay_misc_feat_x
D:3:      layout_basic, overflow_temple_1_default, uniq_sigmund, uniq_jessica,
          uniq_natasha
D:4:      layout_basic, minmay_curled_crystal, grunt_ministairs_1,
          eino_small_chamber_without_monster, minmay_bisected,
          uniq_crazy_yiuf_cottage, uniq_eustachio, uniq_blork_the_orc
D:5:      layout_cave_pools, uniq_edmund
D:6:      kennysheep_windowed_halls, layout_cave_pools,
          minmay_temple_entry_waves, nicolae_benzene_ring
D:7:      layout_loops_ring, minmay_misc_feat_encased,
          minmay_shop_enchanted_jewellery
D:8:      layout_loops_cross, due_lair_maze_entry_diamond
D:9:      layout_irregular_city, nicolae_overflow_squiral, uniq_pikel, uniq_grum
D:10:     layout_loops_ring, minmay_st_funbox, hangedman_decor_riveting,
          uniq_harold, uniq_snorg
D:11:     minmay_the_grid_triangle_9x9_rhombus_thin
          [minmay_the_grid_triangle_9x9_minimal,
          minmay_the_grid_triangle_9x9_prize_insulated,
          minmay_the_grid_triangle_9x9_semitri,
          minmay_the_grid_triangle_9x9_swiss_cheese], layout_basic
D:12:     layout_cave_pools, orc_0_dummy, serial_shops,
          nicolae_shop_statue_plus, nicolae_shop_bloodbath_and_beyond, shop,
          shop, nicolae_shop_competitors_out_of_business, serial_rivers,
          chequers_serial_rivers_small_3, chequers_serial_rivers_room_a,
          chequers_serial_rivers_micro_b, chequers_serial_rivers_micro_a
D:13:     layout_basic, uniq_frances
D:14:     minmay_tearing_corner, layout_basic, david_vaults_5,
          kennysheep_nondescript
D:15:     grunt_enter_depths_snipers, layout_stronghold, minmay_misc_feat_rows,
          nicolae_hepliaklqana_ecumenical_no_more
Temple:   mainiacjoe_temple_bowtie_tessellation
Lair:1:   layout_concentric_octagons, uniq_gastronok
Lair:2:   layout_regular_city, elwin_shoals_entry_rocks, st_stairs_3,
          serial_bayou_shore_a, lemuel_fruit_tree, grunt_megastairs_5,
          lemuel_fruit_fields, infiniplex_staircase_pool_2,
          serial_bayou_shore_b, lemuel_fruit_fields, serial_bayou_shore_b
Lair:3:   layout_long_grid, nicolae_spider_entry_tight_spaces
Lair:4:   layout_gridlike, portal_ice_cave_entry_imps, uniq_kirke
Lair:5:   kb_forest_paths, layout_long_grid, slime_altar_1
Lair:6:   minmay_lair_end_frog_pond, layout_regular_city, basic_altar,
          enter_volcano_1, nzn_masters_of_martial_movement
Shoals:1: cheibrodos_shoals_three_sisters, layout_shoals, serial_shops, shop,
          nicolae_shoals_sun_and_surf
Shoals:2: layout_shoals, nicolae_shop_gadgets
Shoals:3: layout_shoals, gammafunk_ghost_berserking_beasts,
          nicolae_shoals_drake_roost, uniq_ilsuiw
Shoals:4: shoals_end_hellmonk_storm_palace [storm_palace_center_circular,
          storm_palace_corner_pillars, storm_palace_corner_reverse_hut,
          storm_palace_corner_reverse_hut, storm_palace_corner_grid],
          uniq_louise
Spider:1: layout_spider_delve, drop_trap
Spider:2: layout_spider_delve, gammafunk_ghost_arena,
          nicolae_spider_some_kinda_spiderbox, uniq_donald
Spider:3: nicolae_spider_hilbert_zone_6 [nicolae_spider_hilbert_4_sides_1_open,
          nicolae_spider_hilbert_4_sides_1_open,
          nicolae_spider_hilbert_4_sides_1_open,
          nicolae_spider_hilbert_4_sides_1_open,
          nicolae_spider_hilbert_4_sides_1_open,
          nicolae_spider_hilbert_4_sides_1_open,
          nicolae_spider_hilbert_4_sides_1_open]
Spider:4: grunt_spider_rune_circles, uniq_mlioglotl, uniq_aizul, uniq_arachne
Orc:1:    layout_caves
Orc:2:    grunt_orc_gardens, layout_diamond_mine, grunt_orc_garden,
          grunt_orc_garden, grunt_orc_garden, grunt_orc_garden, serial_shops,
          shop, basic_altar, nicolae_orc_crystal_geode, uniq_maurice,
          uniq_nessos, uniq_saint_roka
Elf:1:    layout_gridlike, hangedman_elf_disciples, grunt_megastairs_1
Elf:2:    elven_hall_of_blades_hangedman_original
          [infiniplex_blade_entry_pillars], layout_gridlike, uniq_azrael,
          uniq_roxanne
Elf:3:    minmay_elf_hall_four_x, layout_loops_cross, guppyfry_elf_garden
Vaults:1: v_misc_24, vaults_mumra_minichess, vaults_dpeg_cross,
          ontoclasm_vaults_hangar, vaults_room_corners, ontoclasm_vaults_echo,
          ontoclasm_vaults_loading_screen, nicolae_vaults_alarming,
          hangedman_vaults_restitches, ontoclasm_vaults_chip,
          vaults_room_grunt_arrival_ludios, vaults_room_pools,
          layout_vaults_maze_bifur, serial_shops, shop,
          nicolae_shop_behind_doors, nicolae_shop_temple_entry_statues_fountains
Vaults:2: hangedman_vaults_slice, nicolae_vaults_little_squares_6,
          ontoclasm_vaults_gateway, v_alt_pattern_2,
          hangedman_vaults_restitches, v_pattern_2, nicolae_vaults_what_the_h,
          vaults_room_pool, v_misc_3, nicolae_vaults_little_squares_3,
          layout_vaults_quadrants, serial_shops, nicolae_shop_stone,
          uniq_asterion
Vaults:3: grunt_vaults_focal, hangedman_vaults_stagger,
          vaults_dpeg_encased_lava, minmay_crypt_entry_simple_corners,
          vaults_standard_mumra_enter_the_diamond, ontoclasm_vaults_shuriken,
          nicolae_vaults_angled_halls, v_misc_11,
          hangedman_vaults_stretched_pinwheel, vaults_room_fancy_cross,
          grunt_vaults_trifunnel, ontoclasm_vaults_decontamination,
          vaults_room_grunt_arrival_checkpoint, v_misc_8,
          nicolae_vaults_yaktaur_gun_rack, layout_vaults_big_cross
Vaults:4: nicolae_vaults_minivaults, vaults_dpeg_hooks,
          nicolae_vaults_network_square, nicolae_vaults_circle_grid_a,
          vaults_mumra_hexcomb, ontoclasm_vaults_ring_square, v_misc_27,
          nicolae_vaults_big_angled_halls, layout_vaults_omnibox, uniq_sojobo,
          uniq_margery
Vaults:5: uniq_frederick
Crypt:1:  layout_rooms, basic_altar, grunt_megastairs_3,
          grunt_crypt_arrival_split, uniq_bai_suzhen, uniq_mennas, uniq_boris,
          uniq_mara
Crypt:2:  layout_basic, mu_enter_wizlab_2, lemuel_elevator, uniq_xtahua
Crypt:3:  grunt_crypt_end_deaths_head
Depths:1: layout_basic, enter_ziggurat_b, abyss_entry, grunt_mini_vestibule,
          grunt_ministairs_15, nicolae_tso_swordbearing_angel
Depths:2: minmay_expanding_circles, layout_honeycomb, grunt_pan_entry_spiral,
          grunt_hell_entry_dis_mu, fedhas_altar_1, hangedman_abyss_entry_splay,
          hangedman_abyss_or_decor_clamps
Depths:3: thingy_vault, layout_gridlike, abyss_entry_crystal,
          grunt_decor_resistance, hellmouth_1, tgw_sif
Depths:4: evilmike_zot_entry_diamond, layout_honeycomb, hangedman_coc_ice_floe,
          okawaru_gym_becter
Zot:1:    layout_misc_corridors
Zot:2:    layout_basic, grunt_ministairs_9
Zot:3:    kennysheep_spiral_hall, layout_cathedral_of_symmetry
Zot:4:    grunt_twist_and_shout, layout_onion_interference,
          ebering_ghost_disaster_area, hangedman_elemental_grid_stream
Zot:5:    layout_misc_corridors, drop_trap, lemuel_flame_loot_1

Action                   |  1- 3 |  4- 6 |  7- 9 | 10-12 | 13-15 | 16-18 | 19-21 | 22-24 | 25-27 || total
-------------------------+-------+-------+-------+-------+-------+-------+-------+-------+-------++-------
Melee: Unarmed           |    17 |       |       |       |     2 |       |       |       |       ||    19
       Club              |     5 |       |       |       |       |       |       |       |       ||     5
       Dagger            |    46 |    45 |    60 |       |       |       |       |       |       ||   151
       Headbutt          |     7 |    19 |    43 |   127 |   409 |   400 |   443 |   633 |   233 ||  2314
       Short sword       |       |    15 |    62 |   576 |  1445 |     6 |       |       |       ||  2104
       Falchion          |       |    20 |       |       |       |       |       |       |       ||    20
       Rapier            |       |    14 |       |       |       |       |       |       |       ||    14
       Flail             |       |       |   141 |       |       |       |       |       |       ||   141
       War axe           |       |       |       |       |   324 |  2036 |  1222 |    41 |       ||  3623
       Broad axe         |       |       |       |       |       |       |   722 |  2027 |   691 ||  3440
Throw: Stone             |     4 |     4 |     2 |       |       |       |       |       |       ||    10
       Boomerang         |       |       |    10 |       |     1 |       |       |       |       ||    11
       Dart              |       |       |     1 |     7 |     3 |    47 |       |       |       ||    58
       Javelin           |       |       |       |       |     6 |    10 |    13 |     8 |    13 ||    50
       Throwing net      |       |       |       |       |     1 |     2 |       |       |       ||     3
 Cast: Foxfire           |    30 |     1 |       |       |       |       |       |       |       ||    31
Invok: Heroism           |       |       |     1 |     3 |    17 |    20 |    10 |    11 |     6 ||    68
       Finesse           |       |       |       |       |     1 |     2 |       |     3 |     2 ||     8
Evoke: Wand              |       |     3 |     1 |       |     3 |     9 |       |     1 |     1 ||    18
       Condenser vane    |       |       |       |       |     1 |     1 |     2 |     2 |       ||     6
       Tin of tremorston |       |       |       |       |       |       |     1 |       |       ||     1
  Use: Scroll            |     2 |     2 |     5 |     9 |    10 |     3 |     1 |    22 |     7 ||    61
       Potion            |       |     1 |       |       |     4 |     5 |       |     1 |     7 ||    18
 Stab: Sleeping          |     5 |     1 |       |       |       |       |       |       |       ||     6
       Paralysed         |       |     2 |     3 |       |       |     4 |       |       |       ||     9
       Distracted        |       |       |     1 |     2 |    17 |       |       |       |       ||    20
       Confused          |       |       |       |       |     2 |       |     1 |       |       ||     3
       Held in net/web   |       |       |       |       |     1 |     4 |       |       |       ||     5
Armor: Robe              |    22 |     4 |       |       |       |       |       |       |       ||    26
       Skin              |       |    10 |       |       |       |       |       |       |       ||    10
       Ring mail         |       |     7 |       |       |       |       |       |       |       ||     7
       Leather armour    |       |       |     8 |       |     6 |       |       |       |       ||    14
       Scale mail        |       |       |    84 |   134 |   254 |       |       |       |       ||   472
       Chain mail        |       |       |       |       |    79 |   172 |       |       |       ||   251
       Plate armour      |       |       |       |       |       |   684 |   418 |   129 |       ||  1231
       Gold dragon scale |       |       |       |       |       |       |       |   240 |   127 ||   367
Dodge: Dodged            |    68 |    33 |   117 |   196 |   541 |   953 |   523 |   422 |   161 ||  3014
Block: Kite shield       |       |    35 |   163 |   296 |   816 |  1420 |    90 |       |       ||  2820
       Tower shield      |       |       |       |       |       |       |  1728 |  1441 |   428 ||  3597
